 Dungeon Crawl Stone Soup version 0.26-a0-1026-g544776af23 (webtiles) character file.

Game seed: 10822085515976936687

25 pablito the Insei (level 3, 0/23 HPs)
             Began as an Octopode Transmuter on Dec 10, 2020.
             Slain by a jackal (2 damage)
             ... on level 1 of the Dungeon.
             The game lasted 00:01:30 (498 turns).

pablito the Insei (Octopode Transmuter)              Turns: 498, Time: 00:01:30

Health: 0/23       AC:  1    Str:  9    XL:     3   Next: 4%
Magic:  6/6        EV: 13    Int: 15    God:
Gold:   17         SH:  4    Dex: 13    Spells: 5/6 levels left

rFire    . . .     SeeInvis .     - Unarmed
rCold    . . .     Faith    .   f - +0 buckler
rNeg     . . .     Spirit   .   (helmet currently unavailable)
rPois    .         Reflect  .   (no amulet)
rElec    .         Harm     .   (no ring)
rCorr    .         Rampage  .   (no ring)
Will     .....                  (no ring)
Stlth    ++........             (no ring)
HPRegen  0.07/turn              (no ring)
MPRegen  0.10/turn              (no ring)
                                (no ring)
                                (no ring)

@: appendages (expiring)
A: almost no armour, stealthy swim, amphibious, 8 rings, constrict 8, tentacle
spike 3, camouflage 1, gelatinous body 1
a: End Transformation


You were on level 1 of the Dungeon.
One of your tentacles had a temporary spike.
You visited 1 branch of the dungeon, and saw 1 of its levels.

You collected 17 gold pieces.

Inventory:

Armour
 f - a +0 buckler (worn)
Scrolls
 a - a scroll of amnesia {unknown}
 b - a scroll of blinking {unknown}
 d - a scroll of fog {unknown}
 e - 2 scrolls of remove curse {unknown}
Potions
 c - 3 potions of brilliance {unknown}


   Skills:
 - Level 1.0 Fighting
 - Level 2.0 Dodging
 + Level 1.1 Shields
 + Level 3.3 Unarmed Combat
 + Level 2.3 Spellcasting
 + Level 2.4 Transmutations


You had 5 spell levels left.
You knew the following spells:

 Your Spells              Type           Power        Failure   Level
a - Beastly Appendage     Tmut           #.....       12%         1

Your spell library contained the following spells:

 Spells                   Type           Power        Failure   Level
 Wereblood                Tmut           #.......     19%         2
 Spider Form              Tmut/Pois      #.........   50%         3
 Ice Form                 Ice/Tmut       #.......     88%         4
 Blade Hands              Tmut           #.........   97%         5


Dungeon Overview and Level Annotations

Branches:
Dungeon (1/15)

Altars:


Innate Abilities, Weirdness & Mutations

You cannot wear most types of armour.
You are very stealthy in the water. (Stealth+)
You are amphibious.
You can wear up to eight rings at the same time.
You can use your tentacles to constrict eight enemies at once.
Your skin changes colour to match your surroundings (Stealth+).
Your rubbery body absorbs attacks. (AC +1, EV +1)
One of your tentacles bears a large vicious spike.


Message History

You tentacle-slap the gnoll but do no damage.
The gnoll is moderately wounded.
You constrict the gnoll, but do no damage.
You block the gnoll's attack.
A jackal comes into view.
The jackal barks!
You tentacle-slap the gnoll.
The gnoll is moderately wounded.
You constrict the gnoll, but do no damage.
The gnoll hits you with a +0 whip!
* * * LOW HITPOINT WARNING * * *
You release your grip on the gnoll.
Your transformation is almost over.
The jackal bites you but does no damage.
You block the jackal's attack. The jackal barely misses you.
You barely miss the jackal. Your grab misses the jackal.
You pierce the jackal, but do no damage.
The jackal bites you.
You die...

.#####...# #.###))....#........#
........## #.###...............#
.######.## ##..........#.......
.[# #..###..###......#.####.
#.######.#....# #......#.# #
#....# #.#..#####g.......# ..
####.# #.#.## #....hg...###.#
#.###...# #h####........# ##
#.......# #@##........###
.###...#...# #.##.....#...#
.#.........#####.##....##...#
........††................h...
...######).###..###.............
.### ###..###.# ####..........
## #..†...#. ##......... ##
#........# ..?......
.######.......## ...>...


You could see a gnoll and a jackal.

Vanquished Creatures
  2 giant cockroaches (D:1)
  4 goblins (D:1)
  5 hobgoblins (D:1)
  2 bats (D:1)
  2 frilled lizards (D:1)
  5 kobolds (D:1)
  4 rats (D:1)
24 creatures vanquished.

Notes
Turn   | Place    | Note
-------+----------+-------------------------------------------
     0 | D:1      | pablito the Octopode Transmuter began the quest for the
                  | Orb.
     0 | D:1      | Reached XP level 1. HP: 13/13 MP: 3/3
   199 | D:1      | Reached XP level 2. HP: 18/18 MP: 5/5
   354 | D:1      | Reached skill level 1 in Shields
   384 | D:1      | Reached XP level 3. HP: 23/23 MP: 4/6
   488 | D:1      | HP: 1/23 [gnoll/+0 whip (11)]
   498 | D:1      | Slain by a jackal

Illustrated notes

Levels and vault maps discovered:
D:1:      elethiomel_arrival_quiet, layout_rooms

Skill      XL: |  1  2 |
---------------+-------+-----
Shields        | 1 |  1.1
Fighting       | |  1.0
Dodging        | |  2.0
Unarmed Combat | |  3.3
Spellcasting   | |  2.3
Transmutations | |  2.4

Action                   || total
-------------------------++-------
Melee: Unarmed           ||    39
       Constrict         ||    13
       Tentacles         ||     9
       Kick              ||     9
       Punch             ||     1
 Cast: Beastly Appendage ||     6
 Stab: Sleeping          ||     1
Armor: Skin              ||     3
Dodge: Dodged            ||    20
Block: Buckler           ||     2

Table legend: (Time is in decaauts)
 A = Elapsed time spent in this place.
 B = Non-inter-level travel time spent in this place.
 C = Inter-level travel time spent in this place.
 D = Time resting spent in this place.
 E = Time spent auto-exploring this place.
 F = Levels seen in this place.
 G = Mean time per level.
                   A        B        C        D        E       F      G
               +--------+--------+--------+--------+--------+-----+--------+
         Total |    495 |    495 |      0 |      0 |    376 |   1 |  495.0 |
       Dungeon |    495 |    495 |      0 |      0 |    376 |   1 |  495.0 |
               +--------+--------+--------+--------+--------+-----+--------+

Top non-repeatable levels by time:
     D:1: 495 daAuts
